SL
ROCKY MOUNTAIN NUGGETS @ FT. WORTH CATTLEMEN
09/14/2027
 
TOP OF THE 1ST
Rocky Mountain Nuggets batting - Pitching for Ft. Worth Cattlemen : RHP Juan Díaz
Pitching: RHP Juan Díaz
Batting: RHB Luis Ríos 0-0: Called Strike
0-1: Called Strike
0-2: Ball
1-2: Foul Ball, location: 2F
1-2: Ball
2-2: SINGLE (Line Drive, 6MD)
Batting: RHB Iván Vega 0-0: Called Strike
0-1: Called Strike
0-2: Ball
Pickoff Throw by Catcher to First - Error! E2
Luis Ríos to second
1-2: DOUBLE (Flyball, 78XD)
Luis Ríos scores
Batting: LHB Javier Sánchez 0-0: Swinging Strike
0-1: Ball
1-1: Foul Ball, location: 2F
1-2: Ball
2-2: Strikes out swinging
Batting: LHB Chia-ch'ing Dodman 0-0: Ball
1-0: Called Strike
1-1: Swinging Strike
1-2: Ball
2-2: Strikes out swinging
Batting: RHB Gary Chalmers 0-0: Ball
1-0: Ball
2-0: Ball
3-0: Called Strike
3-1: Fly out, F9 (Flyball, 9S)
Top of the 1st over - 1 run(s), 2 hit(s), 1 error(s), 1 left on base; Rocky Mountain 1 - Ft. Worth 0
BOTTOM OF THE 1ST
Ft. Worth Cattlemen batting - Pitching for Rocky Mountain Nuggets : RHP Nathaniel Riley
Pitching: RHP Nathaniel Riley
Batting: LHB Jesús Morales 0-0: SINGLE (Line Drive, 89M)
Batting: SHB Robby Day 0-0: Ball
1-0: Ball
2-0: Ball
Passed Ball!
Jesús Morales to second
3-0: Base on Balls
Batting: RHB Bart Lewis 0-0: Called Strike
0-1: SINGLE (Line Drive, 56D)
Jesús Morales to third
Robby Day to second
Batting: LHB Ryan Westlake 0-0: Ball
1-0: Ball
2-0: Ball
3-0: Called Strike
3-1: Base on Balls
Jesús Morales scores
Robby Day to third
Bart Lewis to second
Batting: SHB Gregg Wagner 0-0: Called Strike
0-1: Called Strike
0-2: Foul Ball, location: 2F
0-2: Ball
1-2: Foul Ball, location: 2F
1-2: Strikes out looking
Batting: LHB Nobuo Yamashita 0-0: Ball
1-0: SINGLE (Line Drive, 6D)
Robby Day scores
Bart Lewis to third
Ryan Westlake to second
Runner from 3rd tries for Home, throw and OUT!
Ryan Westlake to third
Nobuo Yamashita to second
Batting: RHB Tim Burney 0-0: Ball
1-0: Called Strike
1-1: Called Strike
1-2: Foul Ball, location: 2F
1-2: Strikes out swinging
Bottom of the 1st over - 2 run(s), 3 hit(s), 0 error(s), 2 left on base; Rocky Mountain 1 - Ft. Worth 2
TOP OF THE 2ND
Rocky Mountain Nuggets batting - Pitching for Ft. Worth Cattlemen : RHP Juan Díaz
Batting: RHB Ron Ward 0-0: Called Strike
0-1: Ball
1-1: Called Strike
1-2: Strikes out swinging
Batting: RHB Javier Martínez 0-0: Called Strike
0-1: Called Strike
0-2: Ball
1-2: Ball
2-2: DOUBLE (Groundball, 3L)
Batting: RHB Mark Melton 0-0: Called Strike
Javier Martínez steals 3rd base
0-1: Called Strike
0-2: Foul Ball, location: 2F
0-2: SINGLE (Flyball, 89S)
Javier Martínez scores
Batting: RHB Sergio Martínez 0-0: Called Strike
0-1: Reached on error, E6 (Groundball, 6)
Mark Melton to second
Batting: RHB Luis Ríos 0-0: Foul Ball, location: 2F
0-1: Ball
1-1: Ball
2-1: Called Strike
2-2: Ball
3-2: Grounds into double play, 4-6-3 (Groundball, 4)
Top of the 2nd over - 1 run(s), 2 hit(s), 1 error(s), 1 left on base; Rocky Mountain 2 - Ft. Worth 2
BOTTOM OF THE 2ND
Ft. Worth Cattlemen batting - Pitching for Rocky Mountain Nuggets : RHP Nathaniel Riley
Batting: RHB Jesús Martínez 0-0: Ball
1-0: Foul Ball, location: 2F
1-1: Fly out, F9 (Flyball, 9)
Batting: RHB Santo Alba 0-0: Ground out 6-3 (Groundball, 6)
Batting: LHB Jesús Morales 0-0: Ground out 1-3 (Groundball, 13S)
Bottom of the 2nd over - 0 run(s), 0 hit(s), 0 error(s), 0 left on base; Rocky Mountain 2 - Ft. Worth 2
TOP OF THE 3RD
Rocky Mountain Nuggets batting - Pitching for Ft. Worth Cattlemen : RHP Juan Díaz
Batting: RHB Iván Vega 0-0: Foul Ball, location: 2F
0-1: Ball
1-1: Foul Ball, location: 2F
1-2: Ground out 5-3 (Groundball, 56S)
Batting: LHB Javier Sánchez 0-0: Ball
1-0: Ball
2-0: Foul Ball, location: 2F
2-1: Ball
3-1: Foul Ball, location: 2F
3-2: Base on Balls
Batting: LHB Chia-ch'ing Dodman 0-0: Called Strike
0-1: Ball
1-1: Called Strike
1-2: Foul Ball, location: 2F
1-2: Ball
2-2: Ball
3-2: SINGLE (Groundball, 23) (infield hit)
Javier Sánchez to second
Batting: RHB Gary Chalmers 0-0: Ball
1-0: Called Strike
1-1: Ball
2-1: Fielders Choice at 2nd, 6-4 (Groundball, 6)
Javier Sánchez to third
Batting: RHB Ron Ward 0-0: Foul Ball, location: 2F
0-1: Ball
1-1: Fly out, F5 (Line Drive, 5)
Top of the 3rd over - 0 run(s), 1 hit(s), 0 error(s), 2 left on base; Rocky Mountain 2 - Ft. Worth 2
BOTTOM OF THE 3RD
Ft. Worth Cattlemen batting - Pitching for Rocky Mountain Nuggets : RHP Nathaniel Riley
Batting: SHB Robby Day 0-0: Ball
1-0: Swinging Strike
1-1: Ball
2-1: Ground out 6-3 (Groundball, 6M)
Batting: RHB Bart Lewis 0-0: Called Strike
0-1: SOLO HOME RUN (Flyball, 78XD), Distance : 421 ft
Batting: LHB Ryan Westlake 0-0: Ball
1-0: Fly out, F8 (Flyball, 8RS)
Pitching: RHP Reynaldo Ortíz
Batting: SHB Gregg Wagner 0-0: Foul Ball, location: 2F
0-1: Ball
1-1: Ground out 4-3 (Groundball, 4)
Bottom of the 3rd over - 1 run(s), 1 hit(s), 0 error(s), 0 left on base; Rocky Mountain 2 - Ft. Worth 3
TOP OF THE 4TH
Rocky Mountain Nuggets batting - Pitching for Ft. Worth Cattlemen : RHP Juan Díaz
Batting: RHB Javier Martínez 0-0: Ground out 6-3 (Groundball, 6)
Batting: RHB Mark Melton 0-0: Fly out, F7 (Line Drive, 7)
Batting: RHB Sergio Martínez 0-0: Ball
1-0: Ball
2-0: Ball
3-0: Base on Balls
Batting: RHB Luis Ríos 0-0: Ball
1-0: Foul Ball, location: 2F
1-1: Ground out 1-3 (Groundball, 13)
Top of the 4th over - 0 run(s), 0 hit(s), 0 error(s), 1 left on base; Rocky Mountain 2 - Ft. Worth 3
BOTTOM OF THE 4TH
Ft. Worth Cattlemen batting - Pitching for Rocky Mountain Nuggets : RHP Reynaldo Ortíz
Batting: LHB Nobuo Yamashita 0-0: Called Strike
0-1: Foul Ball, location: 2F
0-2: SINGLE (Line Drive, 6M)
Batting: RHB Tim Burney 0-0: Called Strike
Nobuo Yamashita steals 2nd base
0-1: Swinging Strike
0-2: Ball
1-2: Ball
2-2: Ball
3-2: Ground out 5-3 (Groundball, 56)
Batting: RHB Jesús Martínez 0-0: Called Strike
0-1: Swinging Strike
0-2: Strikes out swinging
Batting: RHB Santo Alba 0-0: Called Strike
0-1: Ground out 3-1 (Groundball, 34)
Bottom of the 4th over - 0 run(s), 1 hit(s), 0 error(s), 1 left on base; Rocky Mountain 2 - Ft. Worth 3
TOP OF THE 5TH
Rocky Mountain Nuggets batting - Pitching for Ft. Worth Cattlemen : RHP Juan Díaz
Batting: RHB Iván Vega 0-0: Ball
1-0: Ball
2-0: Foul Ball, location: 2F
2-1: Ball
3-1: Foul Ball, location: 2F
3-2: Fly out, F8 (Flyball, 8LM)
Batting: LHB Javier Sánchez 0-0: Called Strike
0-1: Ball
1-1: Fly out, F9 (Line Drive, 9)
Batting: LHB Chia-ch'ing Dodman 0-0: Ball
1-0: Called Strike
1-1: Ball
2-1: Called Strike
2-2: Foul Ball, location: 2F
2-2: Ball
3-2: Base on Balls
Batting: RHB Gary Chalmers 0-0: Foul Ball, location: 2F
0-1: Ball
1-1: Ball
2-1: Ball
3-1: Base on Balls
Chia-ch'ing Dodman to second
Pitching: RHP Enrique Cortéz
Batting: RHB Ron Ward 0-0: Ball
1-0: Called Strike
1-1: Called Strike
1-2: Ball
2-2: Fly out, F7 (Flyball, 7)
Top of the 5th over - 0 run(s), 0 hit(s), 0 error(s), 2 left on base; Rocky Mountain 2 - Ft. Worth 3
BOTTOM OF THE 5TH
Ft. Worth Cattlemen batting - Pitching for Rocky Mountain Nuggets : RHP Reynaldo Ortíz
Batting: LHB Jesús Morales 0-0: Foul Ball, location: 2F
0-1: SINGLE (Line Drive, 9S)
Batting: SHB Robby Day 0-0: DOUBLE (Groundball, 5L)
Jesús Morales to third
Batting: RHB Bart Lewis 0-0: Ball
1-0: Ball
2-0: Ball
3-0: Base on Balls
Batting: LHB Ryan Westlake 0-0: Foul Ball, location: 2F
0-1: Ball
1-1: Swinging Strike
1-2: Foul Ball, location: 2F
1-2: Foul Ball, location: 2F
1-2: Foul Ball, location: 2F
1-2: Ball
2-2: Fielders Choice at 2nd, 3-6 (Groundball, 3)
Jesús Morales scores
Robby Day to third
Batting: SHB Gregg Wagner 0-0: Fly out, F8 (Flyball, 8RM)
Batting: LHB Nobuo Yamashita 0-0: Ball
1-0: Ball
2-0: Swinging Strike
2-1: Swinging Strike
2-2: Strikes out swinging
Bottom of the 5th over - 1 run(s), 2 hit(s), 0 error(s), 2 left on base; Rocky Mountain 2 - Ft. Worth 4
TOP OF THE 6TH
Rocky Mountain Nuggets batting - Pitching for Ft. Worth Cattlemen : RHP Enrique Cortéz
Batting: RHB Javier Martínez 0-0: Fly out, F4 (Popup, 4D)
Batting: RHB Mark Melton 0-0: Called Strike
0-1: Ball
1-1: Ball
2-1: Ball
3-1: Foul Ball, location: 2F
3-2: Strikes out swinging
Batting: RHB Sergio Martínez 0-0: Called Strike
0-1: Ball
1-1: Called Strike
1-2: Strikes out swinging
Top of the 6th over - 0 run(s), 0 hit(s), 0 error(s), 0 left on base; Rocky Mountain 2 - Ft. Worth 4
BOTTOM OF THE 6TH
Ft. Worth Cattlemen batting - Pitching for Rocky Mountain Nuggets : RHP Reynaldo Ortíz
Batting: RHB Tim Burney 0-0: Foul Ball, location: 2F
0-1: Called Strike
0-2: Foul Ball, location: 2F
0-2: Ball
1-2: Strikes out swinging
Batting: RHB Jesús Martínez 0-0: Ball
1-0: Swinging Strike
1-1: Ball
2-1: Foul Ball, location: 2F
2-2: Strikes out swinging
Batting: RHB Santo Alba 0-0: Ball
1-0: Called Strike
1-1: Ball
2-1: Ball
3-1: Base on Balls
Pitching: RHP Roberto Covas
Batting: LHB Jesús Morales 0-0: Ball
1-0: Ball
2-0: Foul Ball, location: 2F
2-1: Fielders Choice at 2nd, U6 (Groundball, 6M)
Bottom of the 6th over - 0 run(s), 0 hit(s), 0 error(s), 1 left on base; Rocky Mountain 2 - Ft. Worth 4
TOP OF THE 7TH
Rocky Mountain Nuggets batting - Pitching for Ft. Worth Cattlemen : RHP Enrique Cortéz
Batting: RHB Luis Ríos 0-0: Called Strike
0-1: Swinging Strike
0-2: Foul Ball, location: 2F
0-2: Ground out 3-1 (Groundball, 34)
Batting: RHB Iván Vega 0-0: Called Strike
0-1: Ball
1-1: Fly out, F4 (Line Drive, 4)
Batting: LHB Javier Sánchez 0-0: Ball
1-0: Called Strike
1-1: Ball
2-1: Called Strike
2-2: Foul Ball, location: 2F
2-2: SINGLE (Groundball, 34D)
Batting: LHB Chia-ch'ing Dodman 0-0: Swinging Strike
0-1: SINGLE (Flyball, 8LS)
Javier Sánchez to second
Batting: RHB Gary Chalmers 0-0: Called Strike
0-1: Ball
1-1: Ball
2-1: Swinging Strike
2-2: Strikes out looking
Top of the 7th over - 0 run(s), 2 hit(s), 0 error(s), 2 left on base; Rocky Mountain 2 - Ft. Worth 4
BOTTOM OF THE 7TH
Ft. Worth Cattlemen batting - Pitching for Rocky Mountain Nuggets : RHP Roberto Covas
Batting: SHB Robby Day 0-0: Called Strike
0-1: Ball
1-1: Ground out 4-3 (Groundball, 4M)
Batting: RHB Bart Lewis 0-0: Called Strike
0-1: Ball
1-1: Swinging Strike
1-2: Strikes out swinging
Batting: LHB Ryan Westlake 0-0: Ball
1-0: Ball
2-0: Foul Ball, location: 2F
2-1: Ball
3-1: Foul Ball, location: 2F
3-2: Fly out, F9 (Flyball, 9D)
Bottom of the 7th over - 0 run(s), 0 hit(s), 0 error(s), 0 left on base; Rocky Mountain 2 - Ft. Worth 4
TOP OF THE 8TH
Rocky Mountain Nuggets batting - Pitching for Ft. Worth Cattlemen : RHP Enrique Cortéz
Batting: RHB Ron Ward 0-0: SINGLE (Groundball, 56D)
Pitching: LHP Jason Horne
Batting: RHB Javier Martínez 0-0: Called Strike
0-1: Ball
1-1: Called Strike
1-2: Strikes out looking
Pitching: RHP Francisco López
Batting: RHB Mark Melton 0-0: Ball
1-0: Ball
2-0: Foul Ball, location: 2F
2-1: Ball
3-1: Base on Balls
Ron Ward to second
Pinch Hitting: LHB Juan Ríos 0-0: Ball
1-0: Ball
2-0: Fly out, F9 (Line Drive, 9D)
Runner from 2nd tags up, SAFE at 3rd, no throw
Batting: RHB Luis Ríos 0-0: Ball
1-0: Called Strike
1-1: Swinging Strike
1-2: SINGLE (Groundball, 4D)
Ron Ward scores
Mark Melton to second
Runner from 2nd tries for 3rd, SAFE, throw made to third
Batting: RHB Iván Vega 0-0: Ball
1-0: Foul Ball, location: 2F
1-1: 3-RUN HOME RUN (Flyball, 8LXD), Distance : 436 ft
Pitching: LHP Juan Sánchez
Batting: LHB Javier Sánchez 0-0: Ball
1-0: Foul Ball, location: 2F
1-1: Ball
2-1: Ball
3-1: Fly out, F4 (Popup, 4S)
Top of the 8th over - 4 run(s), 3 hit(s), 0 error(s), 0 left on base; Rocky Mountain 6 - Ft. Worth 4
BOTTOM OF THE 8TH
Ft. Worth Cattlemen batting - Pitching for Rocky Mountain Nuggets : RHP Roberto Covas
Now at 3B: Paul Smith
Now at SS: Randy Bowen
Batting: SHB Gregg Wagner 0-0: Ball
1-0: Foul Ball, location: 2F
1-1: Ball
2-1: Fly out, F8 (Flyball, 89D)
Batting: LHB Nobuo Yamashita 0-0: Ball
1-0: Ball
2-0: Swinging Strike
2-1: Swinging Strike
2-2: Strikes out swinging
Batting: RHB Tim Burney 0-0: Ball
1-0: Ball
2-0: Foul Ball, location: 2F
2-1: Foul Ball, location: 2F
2-2: Foul Ball, location: 2F
2-2: Hit by Pitch
Pitching: RHP Hunter Wilson
Batting: RHB Jesús Martínez 0-0: Ball
1-0: Swinging Strike
1-1: Ball
2-1: SINGLE (Groundball, 6MD)
Tim Burney to second
Runner from 2nd tries for 3rd, SAFE, throw made to third
Pinch Hitting: LHB Orlando Trevino 0-0: Ball
1-0: SINGLE (Groundball, 4MD)
Tim Burney scores
Jesús Martínez to second
Runner from 2nd tries for 3rd, OUT!
Bottom of the 8th over - 1 run(s), 2 hit(s), 0 error(s), 1 left on base; Rocky Mountain 6 - Ft. Worth 5
TOP OF THE 9TH
Rocky Mountain Nuggets batting - Pitching for Ft. Worth Cattlemen : LHP Juan Sánchez
Pitching: LHP Asher Spivey
Now at 3B: Davis Anderson
Batting: RHB Paul Smith 0-0: Called Strike
0-1: Foul Ball, location: 2F
0-2: Strikes out swinging
Batting: RHB Gary Chalmers 0-0: Called Strike
0-1: Called Strike
0-2: Ground out 6-3 (Groundball, 6)
Batting: RHB Ron Ward 0-0: Ball
1-0: Ground out 6-3 (Groundball, 6)
Top of the 9th over - 0 run(s), 0 hit(s), 0 error(s), 0 left on base; Rocky Mountain 6 - Ft. Worth 5
BOTTOM OF THE 9TH
Ft. Worth Cattlemen batting - Pitching for Rocky Mountain Nuggets : RHP Hunter Wilson
Pitching: RHP Jorge Garza
Batting: LHB Jesús Morales 0-0: Called Strike
0-1: Ball
1-1: Called Strike
1-2: Ball
2-2: Fly out, F9 (Line Drive, 9)
Batting: SHB Robby Day 0-0: Ball
1-0: Ball
2-0: Called Strike
2-1: Foul Ball, location: 2F
2-2: Foul Ball, location: 2F
2-2: Ball
3-2: Strikes out looking
Batting: RHB Bart Lewis 0-0: Ball
1-0: Ball
2-0: Ground out 4-3 (Groundball, 4M)
Bottom of the 9th over - 0 run(s), 0 hit(s), 0 error(s), 0 left on base; Rocky Mountain 6 - Ft. Worth 5
Saturday, May 26th, 2018 - OOTP Baseball 17.12 Build 75